General information
- name: BNet
- type: Ladder team game (AT/RT)
- host: Battle.net
- saver: OWL.BOWL.
map: Mur'gulOasis
- players: 8
- length: 04:36
- speed: Fast
- version: 1.28 W3XP
- replay type: Public
» download(41 KB)
Players
team 1 (winner)
hjd999 (
teal | 54 APM | 248 actions | 04:36)
2 Archmage
1 Summon Water Elemental
1 Brilliance Aura
» actions
| Assign group hotkey | 3 | |
| Basic commands | 43 | |
| Build / train | 50 | |
| Enter build submenu | 7 | |
| Enter hero's abilities submenu | 2 | |
| Right click | 32 | |
| Select / deselect | 57 | |
| Select group hotkey | 43 | |
| Use ability | 11 | |
248 total
» units
» upgrades
» buildings
| Altar of Kings | 1 | |
| Farm | 3 | |
| Barracks | 1 | |
| Scout Tower | 1 | |
| Arcane Tower | 5 | |
| Keep | 3 | |
| Blacksmith | 1 | |
15 total
» build order
00:11 Altar of Kings
00:13 Farm
00:16 Barracks
00:55 Farm
01:15 Scout Tower
01:42 Arcane Tower
01:42 Arcane Tower
01:42 Arcane Tower
02:50 Keep
02:50 Keep
02:50 Keep
03:53 Farm
04:00 Blacksmith
Flat_Earth (
orange | 39 APM | 180 actions | 04:36)
1 Priestess of the Moon
1 Searing Arrows
» actions
| Basic commands | 7 | |
| Build / train | 25 | |
| Enter build submenu | 6 | |
| Enter hero's abilities submenu | 1 | |
| Remove unit from queue | 1 | |
| Right click | 62 | |
| Select / deselect | 71 | |
| Use ability | 7 | |
180 total
» units
» buildings
| Moon Well | 3 | |
| Ancient of War | 1 | |
| Altar of Elders | 1 | |
| Tree of Ages | 1 | |
| Hunter's Hall | 1 | |
7 total
» build order
00:21 Moon Well
01:03 Ancient of War
01:14 Moon Well
01:18 Altar of Elders
02:07 Moon Well
03:23 Tree of Ages
04:10 Hunter's Hall
olympicman (
red | 41 APM | 187 actions | 04:36)
1 Mountain King
1 Storm Bolt
» actions
| Build / train | 20 | |
| Enter build submenu | 9 | |
| Enter hero's abilities submenu | 1 | |
| Right click | 57 | |
| Select / deselect | 76 | |
| Use ability | 24 | |
187 total
» units
» buildings
| Farm | 2 | |
| Altar of Kings | 1 | |
| Barracks | 1 | |
| Lumber Mill | 1 | |
| Scout Tower | 4 | |
| Arcane Tower | 2 | |
11 total
» build order
00:40 Farm
00:55 Altar of Kings
01:09 Barracks
01:18 Lumber Mill
01:26 Farm
01:29 Scout Tower
02:00 Arcane Tower
03:34 Scout Tower
03:37 Scout Tower
03:51 Scout Tower
04:06 Arcane Tower

»
DixOut4Harambe (
pink | 41 APM | 187 actions | 04:36)
1 Archmage
1 Summon Water Elemental
» actions
| Build / train | 17 | |
| Enter build submenu | 11 | |
| Enter hero's abilities submenu | 1 | |
| Right click | 108 | |
| Select / deselect | 37 | |
| Use ability | 13 | |
187 total
» units
» buildings
| Altar of Kings | 1 | |
| Farm | 5 | |
| Barracks | 2 | |
| Scout Tower | 1 | |
| Lumber Mill | 1 | |
| Arcane Tower | 1 | |
| Keep | 1 | |
12 total
» build order
00:54 Altar of Kings
01:05 Farm
01:19 Farm
01:43 Barracks
01:53 Scout Tower
02:01 Farm
02:15 Lumber Mill
02:23 Arcane Tower
03:11 Keep
03:31 Farm
04:05 Farm
04:16 Barracks
team 2 (loser)
cronic-king (
purple | 67 APM | 309 actions | 04:36)
2 Mountain King
1 Storm Bolt
1 Bash
» actions
| Assign group hotkey | 35 | |
| Basic commands | 4 | |
| Build / train | 25 | |
| Enter build submenu | 12 | |
| Enter hero's abilities submenu | 2 | |
| Remove unit from queue | 3 | |
| Right click | 119 | |
| Select / deselect | 64 | |
| Select group hotkey | 24 | |
| Use ability | 21 | |
309 total
» units
» buildings
| Farm | 5 | |
| Altar of Kings | 1 | |
| Blacksmith | 1 | |
| Barracks | 1 | |
| Scout Tower | 1 | |
| Arcane Tower | 2 | |
| Keep | 1 | |
12 total
» build order
00:08 Farm
00:13 Altar of Kings
00:27 Blacksmith
01:20 Barracks
01:36 Scout Tower
01:47 Farm
02:00 Farm
02:26 Arcane Tower
02:27 Arcane Tower
02:37 Farm
03:16 Farm
04:27 Keep

»
Night_Elf_Own (
green | 37 APM | 172 actions | 04:36)
1 Far Seer
1 Feral Spirit
» actions
| Assign group hotkey | 2 | |
| Build / train | 15 | |
| Enter build submenu | 7 | |
| Enter hero's abilities submenu | 1 | |
| Right click | 81 | |
| Select / deselect | 56 | |
| Select group hotkey | 2 | |
| Use ability | 8 | |
172 total
» units
| Peon | 8 | |
| Troll Headhunter/Berserker | 3 | |
11 total
» buildings
| Altar of Storms | 1 | |
| Orc Burrow | 3 | |
| War Mill | 1 | |
| Barracks | 1 | |
| Voodoo Lounge | 1 | |
| Stronghold | 1 | |
8 total
» build order
00:43 Altar of Storms
00:48 Orc Burrow
01:40 War Mill
02:15 Barracks
02:40 Orc Burrow
02:50 Voodoo Lounge
03:21 Stronghold
03:56 Orc Burrow
» items
OWL.BOWL. (
blue | 54 APM | 250 actions | 04:36)
1 Blademaster
1 Wind Walk
» actions
| Assign group hotkey | 3 | |
| Basic commands | 4 | |
| Build / train | 14 | |
| Enter build submenu | 5 | |
| Enter hero's abilities submenu | 1 | |
| Right click | 113 | |
| Select / deselect | 23 | |
| Select group hotkey | 68 | |
| Use ability | 19 | |
250 total
» units
» buildings
| Altar of Storms | 1 | |
| Orc Burrow | 4 | |
| Voodoo Lounge | 1 | |
| Stronghold | 2 | |
| War Mill | 1 | |
9 total
» build order
00:07 Altar of Storms
00:16 Orc Burrow
00:44 Voodoo Lounge
02:12 Stronghold
02:12 Stronghold
02:27 Orc Burrow
02:28 Orc Burrow
02:30 Orc Burrow
03:40 War Mill
» items
| Healing Salve | 1 | |
| Lesser Clarity Potion | 1 | |
2 total
WasteNotWantNot (
yellow | 45 APM | 207 actions | 04:36)
1 Archmage
1 Blizzard
» actions
| Basic commands | 8 | |
| Build / train | 19 | |
| Enter build submenu | 9 | |
| Enter hero's abilities submenu | 1 | |
| Give item / drop item | 1 | |
| Right click | 88 | |
| Select / deselect | 58 | |
| Use ability | 23 | |
207 total
» units
» buildings
| Altar of Kings | 1 | |
| Farm | 3 | |
| Scout Tower | 2 | |
| Arcane Tower | 1 | |
| Lumber Mill | 1 | |
| Barracks | 2 | |
10 total
» build order
00:07 Altar of Kings
00:23 Farm
00:40 Scout Tower
00:42 Scout Tower
00:59 Farm
01:24 Arcane Tower
02:39 Lumber Mill
03:32 Barracks
03:35 Barracks
03:40 Farm
» items
| Boots of Speed | 1 | |
| Circlet of Nobility | 1 | |
| Staff of Teleportation | 1 | |
| Lesser Clarity Potion | 2 | |
| Healing Salve | 2 | |
7 total
Chat log
(01:09 / Allies) WasteNotWantNot: blizz rushing
(01:20 / Allies) Night_Elf_Own: coming with bm
(01:32 / Allies) Night_Elf_Own: farseer actualy
(04:32 / All) OWL.BOWL.: fucking hackers
(04:34 / All) OWL.BOWL.: bullshit
(04:35 / All) OWL.BOWL.: u